Map: Tokamak LE

Players

llllllllllll

  • Race: Protoss Protoss
  • League: Grandmaster
  • Spawn Location: 7:00

A.I.(極簡單) - Winner!

  • Race: Terran Terran
  • Spawn Location: 1:00

VOD

Have the link to the VOD?

Description

Time

  • Played on: Sept. 28, 2025, 2:46 a.m.
  • Length: 6:32
Show
View Real Time Build Order
Export as new Build Order

llllllllllll Protoss 

Build Orders: 1 Gate Expand 

Get SALT Encoding   

  12  0:00  Probe  
  13  0:12  Probe  
  14  0:16  Pylon  
  14  0:24  Probe  
  15  0:32  Probe  
  15  0:37  Gateway  
  15  0:40  Probe  
  16  0:45  Assimilator  
  17  0:51  Probe  
  18  1:03  Probe  
  19  1:15  Probe  
  20  1:22  Nexus  
  20  1:31  Cybernetics Core  
  20  1:35  Probe  
  20  1:39  Assimilator  
  21  1:47  Probe  
  21  1:50  Pylon  
  22  1:56  Stalker  
  22  1:59  Probe  
  25  2:08  Warp Gate  
  25  2:11  Probe  
  26  2:23  Probe  
  26  2:24  Sentry  
  29  2:30  Probe  
  29  2:35  Probe  
  31  2:38  Probe, Twilight Council  
  32  2:45  Stalker  
  32  2:47  Probe  
  32  2:48  Probe  
  36  2:57  Gateway  
  36  3:00  Probe x2  
  38  3:06  Charge, Gateway  
  38  3:12  Probe x2  
  40  3:20  Pylon  
  40  3:24  Probe x2  
  42  3:36  Probe x2  
  44  3:43  Nexus  
  44  3:46  Pylon  
  44  3:50  Probe x2  
  46  3:58  Stalker x2  
  46  4:02  Stalker  
  52  4:06  Probe x2  
  54  4:12  Assimilator  
  54  4:14  Robotics Facility  
  54  4:17  Pylon  
  54  4:19  Probe x2  
  56  4:29  Gateway  
  56  4:31  Probe x2  
  58  4:43  Probe x2  
  58  4:45  Stalker x2  
  62  4:46  Stalker  
  62  4:51  Probe  
  62  4:52  Probe x2  
  66  4:54  Observer  
  66  4:59  Pylon, Probe  
  69  5:00  Pylon, Probe x2  
  69  5:04  Pylon  
  73  5:07  Robotics Bay  
  73  5:09  Probe x2  
  73  5:10  Probe  
  73  5:12  Observer  
  76  5:18  Gateway  
  76  5:21  Gateway  
  77  5:24  Gateway  
  77  5:27  Gateway  
  77  5:31  Forge  
  77  5:35  Probe  
  78  5:42  Zealot x4  
  92  5:58  Pylon  
  92  6:00  Pylon  
  92  6:04  Zealot x3  
  98  6:05  Zealot  
  100  6:17  Nexus  
  100  6:29  Zealot x4  
Show
View Real Time Build Order
Export as new Build Order

A.I.(極簡單) Terran - Winner!

Build Orders:  

Get SALT Encoding   

  12  0:00  SCV  
  13  0:13  SCV  
  14  0:18  Supply Depot  
  14  0:37  Refinery  
  14  0:43  Barracks  
  14  1:03  Supply Depot  
  14  1:11  Refinery  
  14  1:29  Marine  
  14  1:32  Orbital Command  
  15  1:48  Barracks Tech Lab  
  15  1:58  SCV  
  16  2:10  SCV  
  16  2:12  Marine  
  18  2:22  SCV  
  19  2:34  SCV  
  20  2:46  SCV  
  21  2:54  Marauder  
  21  2:58  SCV  
  24  3:15  Supply Depot  
  24  3:22  Marine  
  25  3:52  Marauder  
  27  6:29  Supply Depot  
Tags
 
Add a new tag
Caveats
  • Supply blocks, unpowered buildings, or Contaminate may cause inaccurate times.
  • Supply counts are checked every 10 seconds.